 Dungeon Crawl Stone Soup version 0.19.0-2-gae57169 (webtiles) character file.

1403 Morales the Chopper (level 8, -1/43 HPs)
             Began as a Vine Stalker Berserker on Nov 6, 2016.
             Was a Believer of Trog.
             Slain by a killer bee (7 damage)
             ... on level 7 of the Dungeon.
             The game lasted 00:18:29 (1876 turns).

Morales the Chopper (Vine Stalker Berserker)        Turns: 1876, Time: 00:18:29

Health: -1/43      AC:  7    Str: 21    XL:     8   Next: 69%
Magic:  0/9        EV: 13    Int:  7    God:    Trog [**....]
Gold:   61         SH:  0    Dex: 15    Spells: 0 memorised, 7 levels left

rFire  . . .     SeeInvis .     B - +0 war axe
rCold  . . .     Gourm    .     m - +0 ring mail
rNeg   . . .     Faith    .     (no shield)
rPois  .         Spirit   +     t - +0 helmet
rElec  .         Reflect  .     (no cloak)
rCorr  .         Harm     .     (no gloves)
MR     +....                    (no boots)
Stlth  ..........               (no amulet)
                                (no ring)
                                f - ring of loudness (curse)

@: lethally poisoned (-1 -> -11)
A: fangs 3, regeneration 1, magic shield, antimagic bite, no device heal 3, rot
immunity
a: Berserk, Trog's Hand, Burn Spellbooks, Renounce Religion


You were on level 7 of the Dungeon.
You worshipped Trog.
Trog was pleased with you.
You were not hungry.

You visited 1 branch of the dungeon, and saw 5 of its levels.

You collected 91 gold pieces.
You spent 30 gold pieces at shops.

Inventory:

Hand Weapons
 a - a +0 hand axe
 d - a cursed -2 club
 s - a +0 flail
 u - a +0 club
 x - a +1 vampiric dagger
 z - a +0 shortbow
 B - a +0 war axe (weapon)
 D - a +0 long sword
 E - a +0 giant club
 F - a +0 falchion
 G - a +0 giant spiked club
Missiles
 i - 41 bolts
 k - 30 stones (quivered)
 l - 14 sling bullets
 q - 57 arrows
Armour
 b - a +0 animal skin
 g - a +0 ring mail
 h - a +0 leather armour
 m - a +0 ring mail (worn)
 p - a +0 ring mail
 t - a +0 helmet (worn)
 v - a +0 leather armour of fire resistance
Jewellery
 f - a cursed ring of loudness (left hand)
Wands
 A - a wand of slowing (42/48)
Scrolls
 o - a scroll of magic mapping
 w - 2 scrolls of amnesia
 y - a scroll of identify
Potions
 e - a potion of curing {unknown}
 n - a potion of ambrosia
 r - a potion of heal wounds {unknown}
Comestibles
 c - 2 bread rations
 j - a slice of pizza


   Skills:
 + Level 5.3 Fighting
 + Level 6.0 Axes
 + Level 4.2 Armour
 + Level 4.0 Dodging
 + Level 2.3 Stealth


You had 7 spell levels left.
You didn't know any spells.

Dungeon Overview and Level Annotations

Branches:
Dungeon (7/15)
 Temple: D:4-7

Altars:
Dithmenos

Shops:
D:6 ==(:(


Innate Abilities, Weirdness & Mutations

You have razor-sharp teeth.
Your natural rate of healing is unusually fast.
When hurt, damage is shared between your health and your magic reserves.
Your bite disrupts and absorbs the magic of your enemies.
Potions and wands cannot restore your health.
You are immune to rotting.


Message History

You are more poisoned.
The killer bee poisons you! The killer bee stings you!
The killer bee closely misses you.
The crimson imp blinks!
The killer bee barely misses you. x2
You barely miss the killer bee. You hit the killer bee.
You miss the killer bee.
You feel sick. The killer bee stings you.
You are more poisoned.
The killer bee poisons you! The killer bee stings you.
* * * LOW HITPOINT WARNING * * *
The killer bee stings you.
* * * LOW HITPOINT WARNING * * *
You are more poisoned.
The killer bee poisons you! The killer bee barely misses you.
The killer bee closely misses you. x2; The killer bee barely misses you.
The killer bee stings you but does no damage.
As you read the scroll labeled XAR SOGOIC, it crumbles to dust.
The scroll dissolves into smoke.
It was a scroll of fog.
* * * LOW HITPOINT WARNING * * *
You feel sick. The killer bee stings you!
You die...

###.## .. %#.# #....#
y. ##.# ##.#.# #. ...#
#...# #. ...# #.<.# #.
#. .... #...# ....##.
##§# ##.##
#.#...5####y§## #.#
#§.Hy@§§# #.#
#.###y#§# ##.#######
#.###§#.## #.........
#.##.....####..##.#.##
#.###.##†#.........# #
#.......†#..#####.##
#####.......# #.#
#####...# #.. #...#
####


You could see a hippogriff and 3 killer bees.

Vanquished Creatures
  A deep elf mage (D:6)
  An ice beast (D:6)
  A black bear (D:6)
  2 ogres (D:6)
  A centaur (D:6)
  3 bullfrogs (D:6)
  A scorpion (D:6)
  A killer bee (D:7)
  A centaur zombie (D:6)
  A jelly (D:6)
  A hound (D:6)
  5 orc wizards (D:6)
  A worker ant (D:6)
  An adder (D:7)
  An adder zombie (D:6)
  A dart slug (D:3)
  A leopard gecko (D:6)
  5 orcs
  A giant cockroach (D:3)
  2 hobgoblins
  4 jackals (D:7)
  2 bats (D:2)
  A kobold (D:1)
  A leopard gecko zombie (D:6)
  2 rats (D:1)
42 creatures vanquished.

Notes
Turn   | Place    | Note
-------+----------+-------------------------------------------
     0 | D:1      | Morales the Vine Stalker Berserker began the quest for the Orb.
     0 | D:1      | Reached XP level 1. HP: 11/11 MP: 2/2
   221 | D:1      | You fall through a shaft!
   315 | D:3      | Reached XP level 2. HP: 11/16 MP: 3/3
   378 | D:3      | Found a shadowy altar of Dithmenos.
   709 | D:3      | You fall through a shaft for 3 floors!
   718 | D:6      | Reached skill level 3 in Axes
   718 | D:6      | Reached XP level 3. HP: 20/20 MP: 4/4
   722 | D:6      | Gained mutation: Your natural rate of healing is unusually fast. [Vine Stalker growth]
   722 | D:6      | Reached XP level 4. HP: 22/24 MP: 5/5
   788 | D:6      | Found Adajimp's Weapon Shoppe.
   907 | D:6      | Noticed a bullfrog
   913 | D:6      | Killed a bullfrog
   913 | D:6      | Reached XP level 5. HP: 21/29 MP: 3/6
   972 | D:6      | Noticed a centaur
   987 | D:6      | Killed a centaur
   987 | D:6      | Reached skill level 4 in Axes
   987 | D:6      | Reached skill level 1 in Stealth
   987 | D:6      | Reached XP level 6. HP: 10/33 MP: 3/7
  1177 | D:6      | Bought a cursed +0 war axe for 30 gold pieces
  1237 | D:6      | Noticed a deep elf mage
  1252 | D:6      | Killed a deep elf mage
  1252 | D:6      | Reached skill level 5 in Axes
  1252 | D:6      | Reached XP level 7. HP: 38/38 MP: 8/8
  1336 | D:6      | Found Liorphir's Jewellery Shop.
  1392 | D:6      | Gained mutation: You have razor-sharp teeth. [Vine Stalker growth]
  1392 | D:6      | Reached XP level 8. HP: 40/42 MP: 9/9
  1409 | D:6      | Found Hoekh's Jewellery Shop.
  1436 | D:6      | Found Hamyvyzo's Book Boutique.
  1475 | D:6      | Reached skill level 5 in Fighting
  1489 | D:6      | Reached ** piety under Trog
  1598 | D:6      | Found Wuoxetel's Weapon Boutique.
  1869 | D:7      | Noticed a hippogriff
  1872 | D:7      | Reached skill level 6 in Axes
  1876 | D:7      | Slain by a killer bee

Skill      XL: |  1  2  3  4  5  6  7  8 |
---------------+-------------------------+-----
Fighting       | 3 4 5 |  5.3
Axes           | 3 4 5 6 |  6.0
Dodging        | 2 3 4 |  4.0
Armour         | 2 3 4 |  4.2
Stealth        | 1 2 |  2.3

Action                   |  1- 3 |  4- 6 |  7- 9 || total
-------------------------+-------+-------+-------++-------
Melee: Hand axe          |    55 |    33 |       ||    88
       Bite              |    11 |    21 |    24 ||    56
       War axe           |       |    21 |    73 ||    94
  Use: Scroll            |     2 |     6 |     1 ||     9
       Potion            |       |     1 |     1 ||     2
  Eat: Bread ration      |       |     1 |       ||     1
Armor: Ring mail         |    26 |    15 |    44 ||    85
       Animal skin       |     1 |       |       ||     1
Dodge: Dodged            |    41 |    45 |    84 ||   170
